 Dungeon Crawl Stone Soup version 0.30.1-3-gfc49f6343a (webtiles) character file.

Game seed: 9230063955934924757

1285 cheesebisquit the Thaumaturge (level 8, -3/50 HPs)
             Began as a Djinni Conjurer on July 26, 2023.
             Was an Initiate of Ashenzari.
             Shot with an arrow by a centaur (16 damage)
             ... on level 6 of the Dungeon.
             The game lasted 00:17:41 (5315 turns).

cheesebisquit the Thaumaturge (Djinni Conjurer)     Turns: 5315, Time: 00:17:41

Health: -3/50      AC:  2    Str:  6    XL:     8   Next: 85%
Gold:   9          EV: 12    Int: 23    God:    Ashenzari [......] SH:  0 Dex: 17

rFire   + + .        z - +1 hand axe (antimagic)
rCold   x . .        (no shield)
rNeg    . . .        a - +0 robe
rPois   ∞            (no helmet)
rElec   .            (no cloak)
rCorr   .            (no gloves)
SInv    .            (boots unavailable)
Will    .....        E - amulet of regeneration
Stlth   ++           q - +6 ring of dexterity
HPRegen 1.08/turn    (no ring)
MPRegen 0.00/turn

%: infuse magic (-4 HP)
@: flying
A: sickness immunity, fire resistance 2, cold vulnerability 1, float, innate
caster, HP casting, extra vitality 1
a: Renounce Religion, Curse Item


You were on level 6 of the Dungeon.
You worshipped Ashenzari.
Ashenzari was noncommittal.
You visited 2 branches of the dungeon, and saw 7 of its levels.

You collected 339 gold pieces.
You spent 330 gold pieces at shops.

Inventory:

Hand Weapons
 g - a +4 whip
 o - a +1 dagger of venom
 z - a +1 antimagic hand axe (weapon)
Missiles
 j - 4 boomerangs
 m - 20 poisoned darts
Armour
 a - a +0 robe (worn)
 s - a +0 leather armour of cold resistance
 v - a +1 chain mail of willpower
Jewellery
 i - a ring of positive energy
 q - a +6 ring of dexterity (left hand)
 E - an amulet of regeneration (around neck)
Wands
 D - a wand of roots (5)
Scrolls
 b - 3 scrolls of teleportation
 c - 3 scrolls of blinking
 d - a scroll of fog {unknown}
 n - 4 scrolls of immolation
 r - 2 scrolls of enchant armour {unknown}
 w - a scroll of torment {unknown}
 A - a scroll of fear {unknown}
 B - a scroll of amnesia {unknown}
Potions
 e - a potion of degeneration {unknown}
 f - a potion of heal wounds
 h - 3 potions of brilliance
 k - a potion of invisibility {unknown}
 l - 2 potions of mutation
 p - a potion of resistance {unknown}
 t - 2 potions of attraction
 u - a potion of magic {unknown}
 x - a potion of might {unknown}
 C - a potion of curing
Miscellaneous
 y - a phial of floods


   Skills:
 * Level 0.1 Fighting
 + Level 2.2 Dodging
 + Level 1.5 Stealth
 * Level 8.5 Spellcasting


You knew the following spells:

 Your Spells              Type           Power      Damage    Failure   Level
a - Magic Dart            Conj           100%       1d8       1%          1
b - Searing Ray           Conj           96%        2d7       1%          2
c - Dazzling Flash        Conj/Hex       96%        N/A       1%          3
d - Fulminant Prism       Conj/Hex       24%        3d12      1%          4
e - Iskenderun's Mystic   Conj/Tloc      48%        2d11      1%          4
f - Apportation           Tloc           96%        N/A       1%          1
g - Momentum Strike       Conj/Tloc      96%        3d10      1%          2
h - Tukima's Dance        Hex            48%        N/A       1%          3
Your spell library was empty.

Dungeon Overview and Level Annotations

Branches:
Dungeon (6/15)             Temple (1/1) D:4

Altars:
Ashenzari
Cheibriados
Dithmenos
Elyvilon
Fedhas
Gozag
Hepliaklqana
Makhleb
Nemelex Xobeh
Okawaru
Qazlal
Ru
Trog
Uskayaw
Wu Jian
Xom
Yredelemnul
Zin
The Shining One

Shops:
D:1 =   D:5 (


Innate Abilities, Weirdness & Mutations

You are immune to sickness and miasma.
You are immune to poison.
Your flesh is very heat resistant. (rF++)
You are vulnerable to cold. (rC-)
You float through the air rather than walking.
You learn spells naturally, not from books.
Your magical power is your life essence.
You have superior vitality. (+4 MHP)


Message History

The centaur shoots an arrow.
The arrow hits you!
The magic dart hits the centaur.
The centaur is moderately wounded.
The centaur shoots an arrow.
The arrow closely misses you.
The magic dart hits the adder!
The adder is severely wounded.
The magic dart hits the adder!
You kill the adder!
The centaur shoots an arrow.
The arrow hits you!
The centaur shoots an arrow.
The arrow hits you!
* * * LOW HITPOINT WARNING * * *
You are too injured to fight recklessly!
Aiming: Magic Dart (safe; 1% risk of failure)
Press: ? - help, Q - select action, (/) - cycle Shift-Dir - straight line, f - centaur
Aim: a centaur, wielding a +0 shortbow (moderately wounded, 100% to hit)
The magic dart hits the centaur.
The centaur is heavily wounded.
* * * LOW HITPOINT WARNING * * *
The centaur shoots an arrow.
The arrow hits you!
* * * LOW HITPOINT WARNING * * *
Aiming: Magic Dart (safe; 1% risk of failure)
Press: ? - help, Q - select action, (/) - cycle Shift-Dir - straight line, f/p - centaur
Aim: a centaur, wielding a +0 shortbow (heavily wounded, 100% to hit)
Okay, then.
You feel much better.
The centaur shoots an arrow.
The arrow barely misses you.
Aiming: Magic Dart (safe; 1% risk of failure)
Press: ? - help, Q - select action, (/) - cycle Shift-Dir - straight line, f/p - centaur
Aim: a centaur, wielding a +0 shortbow (heavily wounded, 100% to hit)
The magic dart hits the centaur.
The centaur is severely wounded.
The centaur shoots an arrow.
The arrow hits you.
Aiming: Magic Dart (safe; 1% risk of failure)
Press: ? - help, Q - select action, (/) - cycle Shift-Dir - straight line, f/p - centaur
Aim: a centaur, wielding a +0 shortbow (severely wounded, 100% to hit)
The magic dart hits the centaur.
The centaur is severely wounded.
The centaur shoots an arrow.
The arrow hits you!
* * * LOW HITPOINT WARNING * * *
The centaur shoots an arrow.
The arrow hits you!
You die...

.......###.#
##.....###.######
#..............#
#.#.#####.####.#
#........<# #.##
###.####### #..#
#+# ##.# #.# #@#
#.........#
#...c.###.#
+........
###.....# #.#.#.#
#.###.# # #.#


You could see a centaur.

Vanquished Creatures
  A water moccasin (D:5)
  An ice beast (D:5)
  2 ogres
  The ghost of Drain the Conjurer, an amateur OpCj (D:3)
  4 scorpions
  3 hounds
  A jelly (D:5)
  4 orc priests
  2 gnoll boudas
  3 iguanas (D:5)
  An orc wizard (D:5)
  8 adders
  4 gnolls (D:5)
  A shadow imp (D:3)
  An ufetubus (D:5)
  2 worms
  3 dart slugs
  14 orcs
  2 endoplasms
  4 giant cockroaches
  4 goblins
  7 hobgoblins
  9 kobolds
  5 quokkas
  9 ball pythons
  4 bats
  5 frilled lizards
  8 rats
113 creatures vanquished.

Vanquished Creatures (others)
  29 fulminant prisms
29 creatures vanquished.

Grand Total: 142 creatures vanquished

Notes
Turn   | Place    | Note
-------+----------+-------------------------------------------
     0 | D:1      | cheesebisquit the Djinni Conjurer began the quest for the
                  | Orb.
     0 | D:1      | cheesebisquit set off with the following spells memorised:
                  | Magic Dart, Searing Ray, Dazzling Flash, Fulminant Prism,
                  | Iskenderun's Mystic Blast.
     0 | D:1      | Reached XP level 1. HP: 15/15 MP: 0/0
    36 | D:1      | Found Kuaxy's Jewellery Boutique.
   198 | D:1      | Reached XP level 2. HP: 20/21 MP: 0/0
   405 | D:1      | Reached XP level 3. HP: 24/25 MP: 0/0
   405 | D:1      | Learned a level 1 spell: Apportation
   572 | D:1      | Reached skill level 4 in Spellcasting
   799 | D:2      | Reached XP level 4. HP: 28/31 MP: 0/0
  1520 | D:3      | Found a runed translucent door.
  1520 | D:3      | Noticed Drain's ghost (amateur OpCj)
  1747 | D:3      | Reached XP level 5. HP: 32/35 MP: 0/0
  1747 | D:3      | Learned a level 2 spell: Momentum Strike
  2688 | D:3      | Reached skill level 5 in Spellcasting
  2692 | D:3      | HP: 1/35 [Drain's ghost (1)]
  2696 | D:3      | Killed Drain's ghost
  2697 | D:3      | Reached XP level 6. HP: 13/40 MP: 0/0
  3102 | D:4      | Reached skill level 6 in Spellcasting
  3133 | D:4      | Noticed an ogre
  3143 | D:3      | Reached XP level 7. HP: 8/45 MP: 0/0
  3143 | D:3      | Learned a level 3 spell: Tukima's Dance
  3355 | D:4      | Found a stormy altar of Qazlal.
  3358 | D:4      | Found a hide-covered altar of Uskayaw.
  3420 | D:4      | Found a staircase to the Ecumenical Temple.
  3433 | Temple   | Entered the Ecumenical Temple
  3469 | Temple   | Became a worshipper of Ashenzari the Shackled
  3766 | D:4      | Found a bloodstained altar of Trog.
  3804 | D:5      | Entered Level 5 of the Dungeon
  3827 | D:5      | Reached skill level 7 in Spellcasting
  4106 | D:5      | Found Cythraarch's Weapon Boutique.
  4173 | D:5      | Reached XP level 8. HP: 46/50 MP: 0/0
  4488 | D:5      | Reached skill level 8 in Spellcasting
  4888 | D:1      | Bought an amulet of regeneration for 330 gold pieces
  5315 | D:6      | Shot with an arrow by a centaur

Illustrated notes

Levels and vault maps discovered:
D:1:      scummos_arrival_star, layout_basic, serial_shops, nicolae_shop_trees
D:2:      layout_basic, wad_orctagon
D:3:      layout_loops_corners, ebering_ghost_inner_flame, minivault_5,
          grunt_ministairs_9, hangedman_decor_push
D:4:      layout_rooms, lightli_temple_of_fire, nicolae_overflow_squiral,
          minmay_temple_entry_arrows
D:5:      cheibrodos_barr_body, layout_loops_cross, serial_shops,
          nicolae_shop_bloodbath_and_beyond
D:6:      layout_loops_corners, uniq_maggie
Temple:   hellmonk_temple_of_storms

Skill      XL: |  1  2  3  4  5  6  7  8 |
---------------+-------------------------+-----
Spellcasting   | 4 5 6 7 8 |  8.5
Fighting       | |  0.1
Dodging        | |  2.2
Stealth        | |  1.5

Action                     |  1- 3 |  4- 6 |  7- 9 || total
---------------------------+-------+-------+-------++-------
  Melee: Whip              |       |     1 |       ||     1
   Cast: Magic Dart        |    58 |   103 |    22 ||   183
         Searing Ray       |       |     4 |       ||     4
         Fulminant Prism   |       |       |    29 ||    29
         Iskenderun's Myst |       |       |     1 ||     1
    Use: Potion            |       |     3 |     1 ||     4
         Scroll            |       |     5 |     2 ||     7
 Armour: Robe              |     1 |     5 |       ||     6
  Dodge: Dodged            |     7 |    22 |    16 ||    45
